 Dungeon Crawl Stone Soup version 0.27.0-1-g7a089689b8 (webtiles) character file.

Game seed: 2686348775898567596

72 DemonSlayer the Skirmisher (level 4, -4/37 HPs)
             Began as a Human Berserker on Aug 3, 2021.
             Was a Follower of Trog.
             Slain by a goblin (6 damage)
             ... led by Robin
             ... on level 2 of the Dungeon.
             The game lasted 00:06:19 (2909 turns).

DemonSlayer the Skirmisher (Human Berserker)        Turns: 2909, Time: 00:06:20

Health: -4/37      AC:  3    Str: 19    XL:     4   Next: 50%
Magic:  4/4        EV:  7    Int:  7    God:    Trog [*.....]
Gold:   67         SH: 11    Dex: 12    Spells: 3/3 levels left

rFire    . . .     SeeInvis .   h - +1 war axe
rCold    . . .     Faith    .   l - +0 tower shield
rNeg     . . .     Spirit   .   b - +0 animal skin
rPois    .         Reflect  .   (no helmet)
rElec    .         Harm     .   e - +0 cloak
rCorr    .         Rampage  .   (no gloves)
Will     .....                  (no boots)
Stlth    +.........             (no amulet)
HPRegen  0.12/turn              (no ring)
MPRegen  0.09/turn              (no ring)

@: on berserk cooldown
A: no striking features
a: Renounce Religion, Berserk


You were on level 2 of the Dungeon.
You worshipped Trog.
Trog was aware of your devotion.
You visited 1 branch of the dungeon, and saw 2 of its levels.

You collected 67 gold pieces.

Inventory:

Hand Weapons
 h - a +1 war axe (weapon)
Missiles
 p - 11 poisoned darts (quivered)
Armour
 b - a +0 animal skin (worn)
 e - a +0 cloak (worn)
 l - a +0 tower shield (worn)
Wands
 q - a wand of iceblast (10)
Scrolls
 c - a scroll of identify
 g - a scroll of enchant armour
Potions
 d - a potion of might {unknown}
 f - a potion of magic {unknown}
 j - a potion of curing {unknown}
 k - a potion of lignification {unknown}
 m - a potion of haste {unknown}
 r - a potion of attraction {unknown}


   Skills:
 + Level 3.7 Fighting
 + Level 3.6 Axes
 + Level 0.2 Throwing
 + Level 2.2 Armour
 + Level 2.5 Dodging
 + Level 0.6 Stealth
 + Level 0.6 Shields


You had 3 spell levels left.
You didn't know any spells.
Your spell library was empty.

Dungeon Overview and Level Annotations

Branches:
Dungeon (2/15)

Altars:

Annotations:
D:2 Robin


Message History

Blink to where?
Press: ? - help, Dir - move target
As you read the scroll labelled JAURGH OFOLE, it crumbles to dust.
It was a scroll of blinking.
Blink to where?
Press: ? - help, Dir - move target
As you read the scroll of blinking, it crumbles to dust.
As you read the scroll labelled OKEETE KUOCU, it crumbles to dust.
It is a scroll of identify.
g - a scroll of enchant armour Robin roars a battlecry!
As you read the scroll labelled UTHRIFR CE OCS, it crumbles to dust.
It is a scroll of enchant weapon.
Your +0 war axe glows red for a moment.
Robin roars a battlecry!
As you read the scroll labelled ZETWUTELEE, it crumbles to dust.
It is a scroll of amnesia.
You feel forgetful for a moment.
As you read the scroll labelled PYIWUTR GEGAD, it crumbles to dust.
You hear a loud clanging noise!
It was a scroll of noise.
Okay, then.
The hobgoblin no longer looks unusually strong.
Robin says, "A pitiful Human like you will never find the ORB!"
Robin barely misses you.
You feel yourself speed up.
Robin roars a battlecry!
The hobgoblin goes into a battle-frenzy!
Robin roars a battlecry!
Robin throws the goblin at you!
You barely miss the goblin. The goblin completely misses you.
The goblin closely misses you.
You completely miss the goblin. The goblin hits you with a +0 club.
* * * LOW HITPOINT WARNING * * *
Robin hits you with a +0 dagger.
* * * LOW HITPOINT WARNING * * *
You closely miss the goblin. You hit Robin but do no damage.
You block the goblin's attack. You block Robin's attack.
The goblin hits you with a +0 club.
You die...

### #g#
..# #g#
..# #.#
..#
#.########
###
#....g...#
########.#
#g# # #g#
# #@# #
#g# # #.#
# #.# #
#.# # #.#
#.# ## #.#
.# #.#


You could see Robin, a hobgoblin (strong) and a goblin (strong).

Vanquished Creatures
  Jessica (D:2)
  An adder (D:2)
  A worm (D:2)
  3 bats
  2 endoplasms (D:2)
  2 giant cockroaches (D:1)
  4 goblins (D:2)
  2 hobgoblins
  4 jackals
  A quokka (D:1)
  A ball python (D:2)
  3 frilled lizards
  4 kobolds
  4 rats
33 creatures vanquished.

Vanquished Creatures (others)
  6 toadstools (D:2)
6 creatures vanquished.

Grand Total: 39 creatures vanquished

Notes
Turn   | Place    | Note
-------+----------+-------------------------------------------
     0 | D:1      | DemonSlayer the Human Berserker began the quest for the
                  | Orb.
     0 | D:1      | Reached XP level 1. HP: 18/18 MP: 1/1
   241 | D:1      | Reached XP level 2. HP: 22/24 MP: 2/2
  1787 | D:2      | Reached XP level 3. HP: 29/29 MP: 3/3
  2175 | D:2      | Noticed Jessica
  2187 | D:2      | Killed Jessica
  2188 | D:2      | Reached XP level 4. HP: 36/36 MP: 4/4
  2872 | D:2      | Noticed Robin
  2909 | D:2      | Slain by a goblin

Illustrated notes

Levels and vault maps discovered:
D:1:      lemuel_arrival_cross, layout_basic
D:2:      cheibrodos_fertilizer, layout_basic, st_stairs_4, grunt_ministairs_9,
          uniq_jessica, uniq_robin

Action                   |  1- 3 |  4- 6 || total
-------------------------+-------+-------++-------
Melee: Hand axe          |    35 |       ||    35
       War axe           |    22 |    32 ||    54
Throw: Dart              |       |    10 ||    10
Invok: Berserk           |     2 |     1 ||     3
  Use: Scroll            |       |     6 ||     6
Armor: Animal skin       |    20 |     5 ||    25
Dodge: Dodged            |    39 |    11 ||    50
Block: Tower shield      |    12 |    22 ||    34
